 Dungeon Crawl Stone Soup version 0.31-a0-799-g6bc09d010c (webtiles) character file.

Game seed: 15868755972044933800

33 ytrimaz the Changeling (level 3, -1/23 HPs)
             Began as an Octopode Shapeshifter on Sept 19, 2023.
             Slain by Robin
             ... wielding a +0 club
              (5 damage)
             ... on level 2 of the Dungeon.
             The game lasted 00:01:01 (829 turns).

ytrimaz the Changeling (Octopode Shapeshifter)       Turns: 829, Time: 00:01:02

Health: -1/23      AC:  1    Str: 12    XL:     3   Next: 29%
Magic:  3/3        EV: 13    Int: 11    God:
Gold:   62         SH:  0    Dex: 17    Spells: 2/2 levels left

rFire   . .          .
                       - Unarmed
rCold   + . .        (no shield)
rNeg    . . .        (helmet currently unavailable)
rPois   .            (no amulet)
rElec   .            (no ring)
rCorr   .            (no ring)
SInv    .            (no ring)
Will    +....        (no ring)
Stlth   +++          (no ring)
HPRegen 0.23/turn    (no ring)
MPRegen 0.08/turn    (no ring)
                     (no ring)

%: no passive effects
@: brilliant, beast-form, enlightened, flying
A: beast (slay +2), almost no armour, amphibious, 8 rings, camouflage 1,
gelatinous body 1, (nimble swimmer 1), tentacles, agile 1, cold resistance 1,
mutation resistance 1, inability to drink after injury 1
a: Begin Untransformation


You were on level 2 of the Dungeon.
You were a hulking beast.
You visited 1 branch of the dungeon, and saw 2 of its levels.

You collected 62 gold pieces.


Innate Abilities, Weirdness & Mutations

You are a hulking beast.
Your limbs bulge with bestial killing power. (Slay +2)
You cannot wear most types of armour.
You are amphibious.
You can wear up to eight rings at the same time.
Your skin changes colour to match your surroundings (Stealth+).
Your rubbery body absorbs attacks. (AC +1, EV +1)
((You are camouflaged when in or above water. (Stealth+)))
You have tentacles for arms and can constrict up to eight enemies at once.
You are agile. (Dex +4, Str/Int -1)
Your flesh is cold resistant. (rC+)
You are somewhat resistant to further mutation.
You occasionally lose the ability to drink potions when taking damage.


   Skills:
 - Level 1.0 Fighting
 - Level 2.0 Dodging
 + Level 2.8 Stealth
 - Level 3.0 Unarmed Combat
 + Level 3.5 Shapeshifting


You had 2 spell levels left.
You didn't know any spells.
Your spell library was empty.

Inventory:

Talismans
 b - a beast talisman (active)
 c - a flux talisman
Scrolls
 a - a scroll of blinking {unknown}
 d - a scroll of noise {unknown}
 f - 2 scrolls of identify {unknown}
 i - a scroll of teleportation {unknown}
Potions
 e - a potion of brilliance

Dungeon Overview and Level Annotations

Branches:
Dungeon (2/15) Zot: 11173

Altars:

Annotations:
D:2 Robin

#.#...........# ######.....#
#........####.# #......>....
#........####'###+########%#
##.......'.........#.# #.#
#.......###...(.....#####..
#.......# #.......)..).....
#####'### #.......#.####...
#.#######....##.####...
#.#..ghggg.............
#...#####g...##.####...
#>### #....##+####... ....
#.............. .......
#.............. #.........
####........... #..........
......†.... #..........#
.......†... #..........#
..........#


You could see Robin, a hobgoblin (strong) and 3 goblins.


Message History

😎 HP[+1]
Your hp is fully restored (23).
You tentacle-slap the hobgoblin. Your grab misses the hobgoblin.
The hobgoblin barely misses you.
You tentacle-slap the hobgoblin. Your grab misses the hobgoblin.
Your squeeze misses the hobgoblin. The hobgoblin closely misses you.
You barely miss the hobgoblin. You grab the hobgoblin.
You constrict the hobgoblin, but do no damage.
Unknown command.
You barely miss the hobgoblin. You squeeze the hobgoblin.
You kill the hobgoblin!
No target in view!
You see here a +0 dagger.
A goblin comes into view. It is wielding a +0 club.
The goblin moves out of view.
As you open the door, it creaks loudly!
You hear a shout!
No target in view!
There is an open door here.
Key pressed, stopping explore.
No target in view!
As you open the door, it creaks loudly!
You hear a shout!
Found a stone staircase leading down.
No target in view!
There is an open door here.
A goblin comes into view. It is wielding a +0 club.
A hobgoblin comes into view.
A goblin comes into view. It is wielding a +0 club.
There are monsters nearby!
There are monsters nearby!
A goblin comes into view. It is wielding a +0 club.
The goblin barely misses you.
You closely miss the goblin.
The goblin shouts! x2
Your grab misses the goblin.
You hear a shout!
Robin throws the goblin at you! The goblin barely misses you.
The goblin closely misses you. 😕 HP[-3]
You take 3 damage, and now have 20/23 hp.
You completely miss the goblin. You grab the goblin. You constrict the goblin.
Robin roars a battlecry!
The goblins go into a battle-frenzy!
The goblin hits you with a +0 club. The goblin closely misses you.
You hear a shout! 😮 HP[-4]
You take 4 damage, and now have 16/23 hp.
You are too injured to fight recklessly!
You tentacle-slap the goblin.
You kill the goblin!
The goblin hits you with a +0 club.
A hobgoblin comes into view. 😮 HP[-4]
You take 4 damage, and now have 12/23 hp.
Unknown command.
You tentacle-slap the hobgoblin but do no damage.
You grab the hobgoblin.
You constrict the hobgoblin, but do no damage.
The hobgoblin misses you. The goblin hits you with a +0 club!
* * * LOW HITPOINT WARNING * * *
You are too injured to fight recklessly! 😨 HP[-6]
You take 6 damage, and now have 6/23 hp.
MASSIVE DAMAGE!! (PAUSE) Unknown command.
It was a potion of brilliance.
You feel clever all of a sudden.
You constrict the hobgoblin. The hobgoblin closely misses you.
The goblin closely misses you.
Unknown command.
It was a potion of mutation.
You feel extremely strange.
You feel resistant to cold.
You occasionally lose the ability to drink potions when taking damage.
You feel agile.
You feel genetically stable.
You constrict the hobgoblin, but do no damage.
The hobgoblin barely misses you.
A goblin comes into view. It is wielding a +3 dagger.
The goblin barely misses you.
It was a potion of enlightenment.
You feel very buoyant.
You fly up into the air.
You constrict the hobgoblin. The hobgoblin hits you.
* * * LOW HITPOINT WARNING * * *
The goblin misses you. 😱 HP[-2]
You take 2 damage, and now have 4/23 hp.
You bludgeon the goblin!
You kill the goblin!
You constrict the hobgoblin.
The hobgoblin closely misses you. 😱 HP[+1]
You release your grip on the hobgoblin.
Things that are here:
a +0 club; a +0 sling You bludgeon the hobgoblin!
You kill the hobgoblin!
Robin throws the goblin at you!
* * * LOW HITPOINT WARNING * * *
😱 HP[-1]
You take 1 damage, and now have 4/23 hp.
Robin hits you with a +0 club.
You die...
Robin says, "And that's why I'm the boss."

Skill      XL: |  1  2 |
---------------+-------+-----
Stealth        | 1 2 |  2.8
Fighting       | |  1.0
Dodging        | |  2.0
Unarmed Combat | |  3.0
Shapeshifting  | |  3.5

Action                     || total
---------------------------++-------
  Melee: Unarmed           ||    52
         Constrict         ||    14
         Tentacles         ||     8
         Punch             ||     3
    Use: Potion            ||     4
   Stab: Sleeping          ||     5
 Armour: Skin              ||    41
  Dodge: Dodged            ||    54

Levels and vault maps discovered:
D:1:      heliophobic_arrival_enchanted_forest, layout_rooms
D:2:      minmay_roachtagon, layout_basic, uniq_terence, uniq_robin,
          uniq_sigmund

Notes
Turn   | Place    | Note
-------+----------+-------------------------------------------
     0 | D:1      | ytrimaz the Octopode Shapeshifter began the quest for the
                  | Orb.
     0 | D:1      | Reached XP level 1. HP: 13/13 MP: 1/1
     0 | D:1      | magus.rc [v1.9.6]
   123 | D:1      | Reached skill level 1 in Stealth
   131 | D:1      | Reached XP level 2. HP: 10/18 MP: 2/2
   302 | D:1      | Reached skill level 2 in Stealth
   630 | D:2      | Reached XP level 3. HP: 23/23 MP: 3/3
   757 | D:2      | Noticed Robin
   824 | D:2      | Gained mutation: Your flesh is cold resistant. (rC+)
                  | [potion of mutation]
   824 | D:2      | Gained mutation: You occasionally lose the ability to drink
                  | potions when taking damage. [potion of mutation]
   824 | D:2      | Gained mutation: You are agile. (Dex +4, Str/Int -1)
                  | [potion of mutation]
   824 | D:2      | Gained mutation: You are somewhat resistant to further
                  | mutation. [potion of mutation]
   825 | D:2      | HP: 4/23 [hobgoblin[Robin] (2)]
   829 | D:2      | Slain by Robin

Vanquished Creatures
  A dart slug (D:1)
  5 ball pythons
  5 bats
  2 endoplasms (D:1)
  6 goblins
  4 hobgoblins
  A kobold (D:1)
  A quokka (D:2)
  2 rats (D:1)
27 creatures vanquished.

Table legend:
 A = Non-vault XP
 B = Vault XP
 C = Vault XP percentage of total XP
 D = Non-vault monster count
 E = Vault monster count
 F = Vault count percentage of total count
                 A         B        C        D         E       F
            +---------+---------+-------+---------+---------+-------
      Total |      39 |       9 |  18.8 |      22 |       5 |  18.5
            +---------+---------+-------+---------+---------+-------
        D:1 |      30 |       0 |   0.0 |      16 |       0 |   0.0
        D:2 |       9 |       9 |  50.0 |       6 |       5 |  45.5
            +---------+---------+-------+---------+---------+-------

Skill      XL: |  1  2 |
---------------+-------+-----
Stealth        | 1 2 |  2.8
Fighting       | |  1.0
Dodging        | |  2.0
Unarmed Combat | |  3.0
Shapeshifting  | |  3.5

Action                     || total
---------------------------++-------
  Melee: Unarmed           ||    52
         Constrict         ||    14
         Tentacles         ||     8
         Punch             ||     3
    Use: Potion            ||     4
   Stab: Sleeping          ||     5
 Armour: Skin              ||    41
  Dodge: Dodged            ||    54

Illustrated notes

Table legend:
 A = Kills in this place as a percentage of kills in the entire game.
 B = Kills by you in this place as a percentage of kills by you in the entire game.
 C = Kills by friends in this place as a percentage of kills by friends in the entire game.
 D = Other kills in this place as a percentage of other kills in the entire game.
 E = Experience gained in this place as a percentage of experience gained in the entire game.
 F = Experience gained in this place divided by the number of levels of this place that you have seen.
                   A       B       C       D       E      F
               +-------+-------+-------+-------+-------+----------------------
         Total | 100.0 | 100.0 |   N/A |   N/A | 100.0 |  24.0
       Dungeon | 100.0 | 100.0 |   N/A |   N/A | 100.0 |  24.0
               +-------+-------+-------+-------+-------+----------------------

Table legend: (Time is in decaauts)
 A = Elapsed time spent in this place.
 B = Non-inter-level travel time spent in this place.
 C = Inter-level travel time spent in this place.
 D = Time resting spent in this place.
 E = Time spent auto-exploring this place.
 F = Levels seen in this place.
 G = Mean time per level.
                   A        B        C        D        E       F      G
               +--------+--------+--------+--------+--------+-----+--------+
         Total |    825 |    794 |     31 |      0 |    621 |   2 |  412.5 |
       Dungeon |    825 |    794 |     31 |      0 |    621 |   2 |  412.5 |
               +--------+--------+--------+--------+--------+-----+--------+

Top non-repeatable levels by time:
     D:1: 616 daAuts
     D:2: 209 daAuts
